 Dungeon Crawl Stone Soup version 0.18.1-48-g4cf74bf (webtiles) character file.

95 mario498 the Chopper (level 4, -10/37 HPs)
             Began as a Minotaur Gladiator on Aug 18, 2016.
             Mangled by Sigmund
             ... wielding a +2 scythe of slicing
              (11 damage)
             ... on level 2 of the Dungeon.
             The game lasted 00:36:23 (2255 turns).

mario498 the Chopper (Minotaur Gladiator)           Turns: 2255, Time: 00:36:24

Health: -10/37     AC:  3    Str: 17 (20) XL:     4   Next: 40%
Magic:  3/3        EV: 13    Int:  6 (8)  God:
Gold:   102        SH:  0    Dex: 10 (11) Spells: 0 memorised, 3 levels left

rFire  . . .     SeeInvis .     a - +0 war axe
rCold  . . .     Gourm    .     h - +0 leather armour
rNeg   . . .     Faith    .     (no shield)
rPois  .         Spirit   .     c - +0 hat
rElec  .         Dismiss  .     (no cloak)
rCorr  .         Reflect  .     (no gloves)
SustAt .         Harm     .     (no boots)
MR     .....                    (no amulet)
Stlth  +.........               (no ring)
                                e - +3 ring of intelligence

@: not resistant to hostile enchantments, very unstealthy
A: retaliatory headbutt, horns 2
a: no special abilities


You were on level 2 of the Dungeon.
You were not hungry.

You visited 1 branch of the dungeon, and saw 2 of its levels.

You collected 102 gold pieces.

Inventory:

Hand Weapons
 a - a +0 war axe (weapon)
Armour
 c - a +0 hat (worn)
 h - a +0 leather armour (worn)
Jewellery
 e - a +3 ring of intelligence (left hand)
Scrolls
 g - 2 scrolls of remove curse
 k - 3 scrolls of identify
Comestibles
 b - a slice of pizza
 f - 2 bread rations
 i - a fruit
 j - 2 meat rations
 m - 2 chunks of flesh


   Skills:
 + Level 2.6 Fighting
 + Level 4.7 Axes
 + Level 2.0 Throwing
 * Level 2.7 Armour
 + Level 4.1 Dodging


You had 3 spell levels left.
You didn't know any spells.

Dungeon Overview and Level Annotations

Branches:
Dungeon (2/15)

Altars:
Dithmenos
Fedhas
Gozag
Makhleb
Nemelex Xobeh
Ru
Trog
Yredelemnul

Annotations:
D:2 Jessica, Sigmund


Innate Abilities, Weirdness & Mutations

You reflexively headbutt those who attack you in melee.
You have a pair of horns on your head.


Message History

You slash Sigmund! You headbutt Sigmund!
Sigmund is severely wounded.
You hit Sigmund. Your headbutt misses Sigmund.
Sigmund is severely wounded.
Sigmund hits you with a scythe of slicing!
* * * LOW HITPOINT WARNING * * *
x2 You closely miss Sigmund.
Sigmund is severely wounded.
Sigmund misses you.
Read which item? (? for menu, Esc to quit)
Okay, then.
You hit Sigmund. You headbutt Sigmund.
Sigmund is severely wounded.
Sigmund points at you and mumbles some strange words.
The magic dart hits you!
* * * LOW HITPOINT WARNING * * *
You barely miss Sigmund.
Sigmund is severely wounded.
Sigmund hits you with a scythe of slicing!
You die...

#............# #......
#######'##...# ######.
#.##...# #. ######
#.##...# #. #....#
#.##...# #. #....#
#.###'## #[ #....#
#.....##########.
#....#######.............
#....'(.@@.#.###########.
#....#####.#.......# #.
#....# .#######.# ##
#....# @..# #.# ###'##
.#.# #.# #.# .#.# #.# #.#
.#)# #.# #.# .#.# #.# #.#
#.# #.#


You could see Sigmund.

Vanquished Creatures
  Ijyb (D:2)
  A gnoll (D:1)
  3 adders (D:2)
  A worm (D:2)
  A dart slug (D:1)
  A giant gecko (D:2)
  A ball python (D:2)
  A giant cockroach (D:2)
  3 goblins (D:1)
  4 hobgoblins
  2 kobolds
  5 bats
  3 giant newts
  4 rats
31 creatures vanquished.

Notes
Turn   | Place    | Note
--------------------------------------------------------------
     0 | D:1      | mario498 the Minotaur Gladiator began the quest for the Orb.
     0 | D:1      | Reached XP level 1. HP: 18/18 MP: 0/0
   358 | D:1      | Reached XP level 2. HP: 23/25 MP: 1/1
   500 | D:1      | Reached skill level 1 in Armour
   987 | D:2      | Reached XP level 3. HP: 30/30 MP: 2/2
  1011 | D:2      | Found an opulent altar of Gozag.
  1286 | D:2      | Noticed Ijyb
  1301 | D:2      | Killed Ijyb
  1373 | D:2      | Found a shadowy altar of Dithmenos.
  1373 | D:2      | Found a basalt altar of Yredelemnul.
  1379 | D:2      | Found a sparkling altar of Nemelex Xobeh.
  1524 | D:2      | Found a burning altar of Makhleb.
  1524 | D:2      | Noticed Jessica
  1530 | D:2      | Found a sacrificial altar of Ru.
  1573 | D:2      | Reached XP level 4. HP: 21/37 MP: 3/3
  1767 | D:2      | Found a blossoming altar of Fedhas.
  1878 | D:2      | Found a bloodstained altar of Trog.
  2229 | D:2      | Noticed Sigmund
  2254 | D:2      | HP: 1/37 [Sigmund/magic dart (6)]
  2255 | D:2      | Mangled by Sigmund

Skill      XL: |  1  2  3  4 |
---------------+-------------+-----
Axes           | 4 |  4.7
Armour         | 1 2 |  2.7
Dodging        | 4 |  4.1
Fighting       | |  2.6
Throwing       | |  2.0

Action                   |  1- 3 |  4- 6 || total
-------------------------+-------+-------++-------
Melee: War axe           |    75 |    24 ||    99
       Headbutt          |     7 |     7 ||    14
Throw: Throwing net      |     7 |     2 ||     9
  Use: Scroll            |     6 |       ||     6
       Potion            |     5 |     1 ||     6
  Eat: Chunk             |     2 |     2 ||     4
Armor: Leather armour    |    17 |     2 ||    19
Dodge: Dodged            |    39 |    16 ||    55
